 Dungeon Crawl Stone Soup version 0.32-a0-675-gdc239d62e1 (webtiles) character file.

Game seed: 17989928351880812263

18930 senseless the Carver (level 12, -14/99 HPs)
             Began as a Coglin Berserker on Mar 11, 2024.
             Was a High Priest of Trog.
             Demolished by a very large slime creature (56 damage)
             ... on level 12 of the Dungeon.
             The game lasted 00:35:38 (11721 turns).

senseless the Carver (Coglin Berserker)            Turns: 11721, Time: 00:35:40

Health: -14/99     AC: 14    Str: 18    XL:     12   Next: 63%
Magic:  4/4        EV: 17    Int:  6    God:    Trog [*****.]
Gold:   1157       SH:  0    Dex: 19    Spells: 11/11 levels left

rFire   . . .        a - +3 falchion (venom) {Beorhtric}
rCold   . . .        I - +3 falchion (antimagic) {Mei}
rNeg    . . .        D - +0 swamp dragon scales
rPois   +            c - +0 helmet
rElec   .            r - +0 cloak
rCorr   .            (no gloves)
SInv    .            n - +1 pair of boots
Will    .....        (amulet unavailable)
Stlth   +            (ring unavailable)
HPRegen 0.36/turn    (ring unavailable)
MPRegen 0.09/turn    (no gizmo)

%: no passive effects
@: revving
A: off-hand wielding, slow wielding, warmup strikes, no jewellery
a: Invent Gizmo, Renounce Religion, Berserk, Trog's Hand, Brothers in Arms


You were on level 12 of the Dungeon.
You worshipped Trog.
Trog was extremely pleased with you.
You visited 1 branch of the dungeon, and saw 13 of its levels.
You also visited: Sewer and Ossuary.

You collected 1157 gold pieces.

Inventory:

Hand Weapons
 a - a +3 falchion of venom (weapon) {Beorhtric}
 F - a +6 scimitar
 I - a +3 antimagic falchion (offhand) {Mei}
 J - a +1 falchion of flaming
 N - a +2 heavy falchion
Missiles
 l - 2 javelins
 m - 27 poisoned darts
 w - 11 boomerangs
 H - 4 throwing nets
 M - 2 atropa-tipped darts
Armour
 c - a +0 helmet (worn)
 n - a +1 pair of boots (worn)
 o - a +2 leather armour of willpower
 p - the +1 leather armour "Koiti" {rElec}
   (You found it on level 7 of the Dungeon)

   rElec:     It insulates you from electricity.
 r - a +0 cloak (worn)
 D - +0 swamp dragon scales (worn)
Wands
 b - a wand of quicksilver (10)
 u - a wand of paralysis (12)
 C - a wand of mindburst (6)
 G - a wand of warping (3)
Scrolls
 d - 8 scrolls of teleportation
 v - a scroll of fog
 x - a scroll of brand weapon
 y - a scroll of enchant weapon
 B - a scroll of immolation
 E - a scroll of poison
 K - a scroll of butterflies
 L - a scroll of revelation
Potions
 e - 5 potions of berserk rage
 f - 7 potions of curing
 g - 6 potions of heal wounds
 h - 5 potions of enlightenment
 i - a potion of resistance
 j - 3 potions of mutation
 k - 4 potions of cancellation
 q - 4 potions of brilliance
 s - 4 potions of haste
 t - 4 potions of attraction
 z - 4 potions of might
 A - 3 potions of magic


   Skills:
 * Level 10.9 Fighting
 * Level 10.9 Long Blades
 + Level 7.1 Armour
 * Level 9.8 Dodging
 + Level 9.0 Evocations


You had 11 spell levels left.
You didn't know any spells.
Your spell library contained the following spells:

 Spells                   Type           Power      Damage    Failure   Level
 Magic Dart               Conj           0%         1d3       63%         1
 Slow                     Hex            0%         N/A       63%         1
 Blink                    Tloc           0%         N/A       77%         2
 Call Imp                 Summ           0%         N/A       77%         2
 Ensorcelled Hibernation  Hex/Ice        0%         N/A       77%         2
 Confusing Touch          Hex            0%         N/A       94%         3
 Dazzling Flash           Conj/Hex       0%         N/A       94%         3
 Frozen Ramparts          Ice            0%         1d1       94%         3
 Fugue of the Fallen      Necr           0%         N/A       94%         3
 Gell's Gravitas          Tloc           0%         N/A       94%         3
 Inner Flame              Hex/Fire       0%         N/A       94%         3
 Sigil of Binding         Hex            0%         N/A       94%         3
 Teleport Other           Tloc           0%         N/A       94%         3
 Vampiric Draining        Necr           0%         2d6       94%         3
 Volatile Blastmotes      Fire/Tloc      0%         2d10      94%         3
 Anguish                  Hex/Necr       0%         N/A       100%        4
 Animate Armour           Summ/Erth      0%         N/A       100%        4
 Flame Wave               Conj/Fire      0%         2d4       100%        4
 Leda's Liquefaction      Alch/Erth      0%         N/A       100%        4
 Petrify                  Alch/Erth      0%         N/A       100%        4
 Sticky Flame             Fire/Alch      0%         2d4       100%        4
 Summon Blazeheart Golem  Fire/Summ      0%         N/A       100%        4
 Summon Lightning Spire   Summ/Air       0%         N/A       100%        4
 Vhi's Electric Charge    Tloc/Air       0%         N/A       100%        4
 Arcjolt                  Conj/Air       0%         1d10      100%        5
 Lee's Rapid Deconstruct  Erth           0%         3d4*      100%        5
 Metabolic Englaciation   Hex/Ice        0%         N/A       100%        5
 Bombard                  Conj/Erth      0%         9d1       100%        6
 Dispersal                Tloc           0%         N/A       100%        6
 Starburst                Conj/Fire      0%         6d3       100%        6
 Orb of Destruction       Conj           0%         9d5       100%        7
 Spellforged Servitor     Conj/Summ      0%         N/A       100%        7
 Maxwell's Capacitive Co  Air            0%         ∞         100%        8


Dungeon Overview and Level Annotations

Branches:
Dungeon (13/15)            Temple (0/1) D:6            Lair (0/5) D:11
    Orc (0/2) D:10          Sewer (visited)         Ossuary (visited)
 Vaults: D:13-14

Altars:
Cheibriados
Dithmenos
Gozag
Hepliaklqana
Sif Muna
Uskayaw
Vehumet
Xom
Yredelemnul
Zin
Beogh

Shops:
D:1 :

Portals:
Abyss: D:7


Innate Abilities, Weirdness & Mutations

You can wield a second weapon in your off-hand.
It takes a long time for you to wield or remove held weapons.
Your first few attacks do less damage.
You cannot equip rings or amulets.


Message History

Search for what [Enter for "aux", or ? for help]? .
There is a stone staircase leading down here.
Okay, then.
Okay, then.
You climb downwards.
The slime creature quivers. x2
Found an escape hatch in the floor.
There is a stone staircase leading up here.
The helpless slime creature fails to defend itself.
You slash the slime creature with your +3 antimagic falchion!
The slime creature is lightly wounded.
You hit the slime creature with your +3 falchion of venom.
The slime creature quivers.
You slash the slime creature with your +3 falchion of venom!
The slime creature is heavily wounded.
You hit the slime creature with your +3 antimagic falchion.
Two slime creatures merge to form a large slime creature.
The slime creature misses you.
Two slime creatures merge to form a very large slime creature.
A slime creature comes into view.
The slime creature misses you.
Two slime creatures merge to form a large slime creature.
You climb upwards.
There is a stone staircase leading down here.
You slash the large slime creature with your +3 falchion of venom!
The large slime creature is moderately wounded.
You slash the large slime creature with your +3 antimagic falchion!
The very large slime creature hits you!!!
Ouch! That really hurt!
You barely miss the large slime creature with your +3 falchion of venom.
The large slime creature is heavily wounded.
You slice the large slime creature with your +3 antimagic falchion!!
A large slime creature splits.
You slash the very large slime creature with your +3 falchion of venom!
The very large slime creature is lightly wounded.
You slash the very large slime creature with your +3 antimagic falchion!
The slime creature hits you but does no damage.
The very large slime creature hits you!!!
Ouch! That really hurt!
You die...

#....# #....#
#...#######...#
######..##...##...#
#...##..##........#
#...#....#.......##
##..#....#.......##
'...#....#..)...>.#
#...#....#.....JJJ#
##.###..####'###@#####
##.###..###..###'##..##
.........#....#.......#
.........#....#.......#
.....÷...#....#.......#
..###'##.####.####...##
..###.##.####.####?..##
..#...#.....'.........#
.<#[..#.....#.........#


You could see a very large slime creature and 2 slime creatures.

Vanquished Creatures
  Rupert (D:12)
  Fannar (D:11)
  4 two-headed ogres
  2 boulder beetles
  The ghost of Takeo the Fighter, a novice MDFi of Okawaru (D:7)
  A deep elf pyromancer (D:12)
  2 ugly things (D:12)
  2 cyclopes
  A manticore (D:12)
  A gargoyle (D:10)
  An unseen horror zombie (D:9)
  Maggie (D:6)
  A komodo dragon (D:12)
  Psyche (D:12)
  A kobold demonologist (D:11)
  2 trolls (D:11)
  4 hornets (D:9)
  Sigmund (D:3)
  A wraith (D:10)
  12 yaks
  A vampire (D:10)
  A shadow (D:10)
  2 wyverns
  4 vampire mosquitoes (D:11)
  A chaos spawn (D:7)
  Edmund (D:5)
  2 acid dragons
  2 ice beasts
  A sky beast (D:8)
  5 orc warriors
  2 black bears
  An ogre (D:10)
  4 phantoms
  5 kobold brigands
  A weeping skull (D:9)
  A gnoll sergeant (D:8)
  4 scorpions
  A wight (D:9)
  4 howler monkeys
  2 crimson imps (D:7)
  2 bombardier beetles
  A human zombie (D:9)
  3 centaur zombies (D:9)
  A jelly (D:6)
  9 orc priests
  Crazy Yiuf (D:6)
  A gnoll bouda (D:7)
  7 hounds
  A sleepcap (D:4)
  Ijyb (D:3)
  Natasha (thrice) (D:2)
  4 iguanas
  16 orc wizards
  4 hound zombies (D:4)
  A hound skeleton (D:4)
  10 mummies
  3 howler monkey zombies (D:9)
  Robin (D:3)
  9 gnolls
  5 adders
  A river rat (D:6)
  A white imp (D:6)
  An ufetubus (D:7)
  4 adder skeletons (D:4)
  2 ribbon worms
  2 dart slugs
  66 orcs
  7 endoplasms
  12 giant cockroaches
  3 gnoll zombies (Ossuary)
  15 goblins
  11 hobgoblins
  5 jackals
  4 quokkas
  3 ball pythons
  5 bats
  7 frilled lizards
  A hobgoblin zombie (Ossuary)
  24 kobolds
  2 kobold zombies (Ossuary)
  2 orc zombies (Ossuary)
  11 rats
358 creatures vanquished.

Vanquished Creatures (others)
  An orc (D:6)
1 creature vanquished.

Grand Total: 359 creatures vanquished

Notes
Turn   | Place    | Note
-------+----------+-------------------------------------------
     0 | D:1      | senseless the Coglin Berserker began the quest for the Orb.
     0 | D:1      | Reached XP level 1. HP: 18/18 MP: 1/1
    54 | D:1      | Reached XP level 2. HP: 23/24 MP: 2/2
   103 | D:1      | Found Giexeut's Book Shoppe.
   418 | D:1      | Reached XP level 3. HP: 26/29 MP: 3/3
   419 | D:1      | Reached ** piety under Trog
   858 | D:2      | Reached XP level 4. HP: 35/35 MP: 4/4
   892 | D:2      | Noticed Natasha
   899 | D:2      | Killed Natasha
   918 | D:2      | Noticed Natasha
   923 | D:2      | Killed Natasha
   924 | D:2      | Reached XP level 5. HP: 38/42 MP: 5/5
   971 | D:2      | Noticed Natasha
   978 | D:2      | Killed Natasha
  1408 | D:3      | Noticed Ijyb
  1418 | D:3      | Killed Ijyb
  1502 | D:3      | Noticed Sigmund
  1506 | D:3      | Killed Sigmund
  1507 | D:3      | Reached skill level 1 in Evocations
  1507 | D:3      | Reached XP level 6. HP: 49/49 MP: 6/6
  1626 | D:3      | Reached *** piety under Trog
  1627 | D:3      | Noticed Robin
  1635 | D:3      | Killed Robin
  1804 | D:3      | Reached XP level 7. HP: 53/55 MP: 7/7
  2091 | D:3      | Found a hide-covered altar of Uskayaw.
  2092 | D:3      | Noticed a +0 hand axe
  2092 | D:3      | Noticed a +0 hand axe
  2416 | D:4      | Reached skill level 5 in Fighting
  2419 | D:4      | Found a sand-covered staircase.
  2428 | D:4      | Reached skill level 5 in Long Blades
  2437 | Ossuary  | Entered an ossuary
  2561 | Ossuary  | Reached **** piety under Trog
  3273 | D:4      | Found a shadowy altar of Dithmenos.
  3331 | D:4      | Reached XP level 8. HP: 63/63 MP: 8/8
  3393 | D:4      | Found a radiant altar of Vehumet.
  3517 | D:4      | Found an opulent altar of Gozag.
  3517 | D:4      | Found a snail-covered altar of Cheibriados.
  4003 | D:5      | Entered Level 5 of the Dungeon
  4090 | D:5      | Noticed Edmund
  4102 | D:5      | Killed Edmund
  4561 | D:5      | Found a shimmering blue altar of Sif Muna.
  4991 | D:6      | Reached skill level 5 in Dodging
  5086 | D:6      | Reached ***** piety under Trog
  5107 | D:6      | Noticed Maggie
  5120 | D:6      | Killed Maggie
  5121 | D:6      | Reached XP level 9. HP: 71/71 MP: 9/9
  5266 | D:6      | Found a glowing drain.
  5273 | Sewer    | Entered a sewer
  5988 | D:6      | Found a staircase to the Ecumenical Temple.
  6027 | D:6      | Found a runed translucent door.
  6028 | D:6      | Noticed Crazy Yiuf
  6207 | D:6      | Killed Crazy Yiuf
  6275 | D:7      | Reached skill level 5 in Evocations
  6381 | D:7      | Received a gift from Trog
  6444 | D:7      | Found a one-way gate to the infinite horrors of the Abyss.
  6444 | D:7      | Noticed Takeo's ghost (novice MDFi)
  6453 | D:7      | Found a transporter.
  6467 | D:7      | Found a transporter.
  6501 | D:7      | Identified the +1 leather armour "Koiti" {rElec}
  6881 | D:7      | Killed Takeo's ghost
  6882 | D:7      | Reached skill level 5 in Armour
  6882 | D:7      | Reached XP level 10. HP: 80/80 MP: 3/10
  7091 | D:8      | Identified the +4 quarterstaff "Demieta" {freeze, rF- rC+
                  | Str+3 Stlth+}
  7315 | D:8      | Noticed a two-headed ogre
  7318 | D:8      | Killed a two-headed ogre
  8251 | D:9      | Paralysed by a hornet for 2 turns
  8285 | D:9      | Found a glowing silver altar of Zin.
  8604 | D:9      | Reached XP level 11. HP: 84/87 MP: 3/11
  8798 | D:9      | Found a basalt altar of Yredelemnul.
  8899 | D:10     | Entered Level 10 of the Dungeon
  9156 | D:10     | Found a shimmering altar of Xom.
  9157 | D:10     | Found a hazy altar of Hepliaklqana.
  9232 | D:10     | Found a staircase to the Orcish Mines.
  9804 | D:10     | Found a roughly hewn altar of Beogh.
 10013 | D:11     | Noticed Fannar
 10017 | D:11     | Noticed a two-headed ogre
 10019 | D:11     | Noticed a boulder beetle
 10027 | D:11     | Killed Fannar
 10036 | D:11     | Killed a two-headed ogre
 10049 | D:11     | Killed a boulder beetle
 10158 | D:11     | Reached skill level 10 in Fighting
 10199 | D:11     | Noticed a cyclops
 10206 | D:11     | Killed a cyclops
 10207 | D:11     | Reached skill level 10 in Long Blades
 10231 | D:11     | Found a staircase to the Lair.
 10258 | D:11     | Reached XP level 12. HP: 93/97 MP: 4/12
 10329 | D:11     | Noticed a two-headed ogre
 10337 | D:11     | Killed a two-headed ogre
 11040 | D:12     | Received a gift from Trog
 11183 | D:12     | Noticed Psyche
 11191 | D:12     | Killed Psyche
 11245 | D:12     | Noticed a two-headed ogre
 11252 | D:12     | Killed a two-headed ogre
 11346 | D:12     | Noticed Rupert
 11357 | D:12     | Killed Rupert
 11486 | D:12     | Noticed a boulder beetle
 11500 | D:12     | Killed a boulder beetle
 11721 | D:12     | Demolished by a very large slime creature

Illustrated notes

Levels and vault maps discovered:
D:1:      tarquinn_simple_flora_water_d, layout_basic, serial_shops,
          nicolae_book_shop_shelving
D:2:      minmay_roachtagon, layout_rooms, uniq_natasha
D:3:      layout_loops_cross, dancing_weapons_uskayaw, uniq_ijyb, uniq_sigmund,
          uniq_robin
D:4:      layout_basic, mainiacjoe_overflow_boulevard,
          gammafunk_temple_overflow_forgotten,
          mainiacjoe_ossuary_entry_find_the_door, serial_bayou_pond_d,
          dreamdust_wishing_well
D:5:      layout_loops_corners, kennysheep_mini, uniq_edmund
D:6:      layout_loops_ring, temple_hall, gup_sewer_entry_bubbles, uniq_maggie,
          uniq_crazy_yiuf_cottage
D:7:      layout_cave_pools, gammafunk_ghost_abyssal_escape
D:8:      layout_loops_ring, minmay_door_square
D:9:      layout_roguey, lemuel_mausoleum_altar_yredelemnul, zin_statuary
D:10:     layout_basic, regret_index_temple_of_mockery,
          minmay_orc_entry_temple_small, special_room [special_room_orc],
          roderic_serpentine_path
D:11:     layout_rooms, lair_entry_dummy, uniq_fannar
D:12:     layout_gridville, uniq_rupert, uniq_psyche
D:13:     layout_basic, gammafunk_ghost_wrathful_warriors

Skill      XL: |  1  2  3  4  5  6  7  8  9 10 11 12 |
---------------+-------------------------------------+-----
Dodging        | 2 3 4 5 6 7 9 |  9.8
Armour         | 2 3 4 5 6 7 |  7.1
Fighting       | 4 5 6 7 8 10 | 10.9
Long Blades    | 4 5 6 7 8 10 | 10.9
Evocations     | 1 2 4 5 6 8 9 |  9.0

Action                     |  1- 3 |  4- 6 |  7- 9 | 10-12 || total
---------------------------+-------+-------+-------+-------++-------
  Melee: Falchion          |    85 |    64 |   458 |   776 ||  1383
         Dagger            |    82 |     1 |   380 |       ||   463
         Rapier            |     2 |    67 |       |       ||    69
  Throw: Dart              |       |       |     1 |       ||     1
 Invoke: Berserk           |       |     3 |     9 |    13 ||    25
         Trog's Hand       |       |       |       |     2 ||     2
    Use: Scroll            |       |       |    23 |     2 ||    25
         Potion            |       |       |       |     3 ||     3
   Stab: Sleeping          |     2 |       |       |     1 ||     3
 Armour: Animal skin       |    49 |     9 |       |       ||    58
         Leather armour    |       |    25 |   154 |       ||   179
         Swamp dragon scal |       |       |    34 |   226 ||   260
  Dodge: Dodged            |    56 |    47 |   230 |   247 ||   580

Table legend: (Time is in decaauts)
 A = Elapsed time spent in this place.
 B = Non-inter-level travel time spent in this place.
 C = Inter-level travel time spent in this place.
 D = Time resting spent in this place.
 E = Time spent auto-exploring this place.
 F = Levels seen in this place.
 G = Mean time per level.
                   A        B        C        D        E       F      G
               +--------+--------+--------+--------+--------+-----+--------+
         Total |  11871 |  11247 |    624 |    537 |   8517 |  15 |  791.4 |
       Dungeon |  11195 |  10571 |    624 |    463 |   8101 |  13 |  861.2 |
         Sewer |    306 |    306 |      0 |      0 |    202 |   1 |  306.0 |
       Ossuary |    369 |    369 |      0 |     73 |    213 |   1 |  369.0 |
               +--------+--------+--------+--------+--------+-----+--------+

Top non-repeatable levels by time:
     D:4: 1302 daAuts
    D:12: 1054 daAuts
     D:9: 1027 daAuts
    D:10: 1018 daAuts
     D:6: 997 daAuts
     D:5: 979 daAuts
     D:3: 961 daAuts
     D:8: 929 daAuts
    D:11: 789 daAuts
     D:1: 752 daAuts
     D:7: 719 daAuts
     D:2: 659 daAuts
 Ossuary: 369 daAuts
   Sewer: 306 daAuts
    D:13: 3 daAuts
